 Dungeon Crawl Stone Soup version 0.31-a0-142-g31f6795574 (webtiles) character file.

Game seed: 3251559264418739484

3921833 relicbr the Sorcerer (level 27, 220/227 HPs)
             Began as a Demigod Conjurer on June 1, 2023.
             Escaped with the Orb
             ... and 8 runes on June 4, 2023!
             The game lasted 08:44:33 (152097 turns).

relicbr the Sorcerer (Demigod Conjurer)           Turns: 152097, Time: 08:44:34

Health: 220/227    AC: 27    Str: 20    XL:     27
Magic:  56/58      EV: 17    Int: 54    God:
Gold:   7235       SH: 17    Dex: 14    Spells: 0/75 levels left

rFire   + + +        b - +3 Elemental Staff {rElec rF+ rC+ AC+3}
rCold   + + +        k - +4 kite shield {rC+ rF+}
rNeg    + . .        J - quicksilver dragon scales
rPois   .            O - +3 crown of Dyrovepreva {rElec Int+2 SInv}
rElec   +            B - scarf {rC+ rF+}
rCorr   +            s - +3 pair of gauntlets of War {Slay+5}
SInv    +            z - +0 pair of boots of the Old and Reckless {Fly Dex+2}
Will    +++++        I - macabre finger necklace {Finger+ rN+}
Stlth   +            e - ring "Ufouprely" {rF+ rC+ Str+2 Stlth+}
HPRegen 0.57/turn    o - ring "Rireca" {Contam rF+ Will++ rCorr Dex+2}
MPRegen 0.36/turn    f - ring of wizardry

%: wizardry (x1)
@: flying, studying Hexes
A: high MP 1, forlorn, divine attributes, clever 2, cold resistance 1,
MP-powered wands
0: Orb of Zot
}: 8/15 runes: serpentine, barnacled, slimy, silver, icy, demonic, glowing, dark
a: no special abilities


You escaped.
You visited 14 branches of the dungeon, and saw 64 of its levels.
You visited Pandemonium 2 times, and saw 9 of its levels.
You also visited: Trove, Bailey, Gauntlet and Desolation.

You collected 12182 gold pieces.
You spent 4947 gold pieces at shops.

Inventory:

Hand Weapons
 b - the +3 Elemental Staff (weapon) {rElec rF+ rC+ AC+3}
   (You found it on level 2 of the Depths)

   It enhances your fire, ice, earth and air magic.
   AC:        It affects your AC (+3).
   rF:        It protects you from fire.
   rC:        It protects you from cold.
   rElec:     It insulates you from electricity.
 r - a +3 eudemon blade of holy wrath
Missiles
 N - 2 throwing nets
Armour
 k - a +4 kite shield of resistance (worn)
 s - the +3 pair of gauntlets of War (worn) {Slay+5}
   (You found it on level 7 of Cocytus)

   Slay:      It affects your accuracy & damage with ranged weapons and melee
   (+5).
 w - the +2 hat "Wegah" {Fly rC+ rN+}
   (You found it on level 4 of the Realm of Zot)

   rC:        It protects you from cold.
   rN:        It protects you from negative energy.
   Fly:       It grants you flight.
 x - a scarf of invisibility
 y - the +4 cloak of Kasitauk {Int+6}
   (You found it in a Gauntlet)

   Int:       It affects your intelligence (+6).
 z - the +0 pair of boots of the Old and Reckless (worn) {Fly Dex+2}
   (You found it in a Gauntlet)

   Dex:       It affects your dexterity (+2).
   Fly:       It grants you flight.
 B - a scarf of resistance (worn)
 J - quicksilver dragon scales (worn)
 O - the +3 crown of Dyrovepreva (worn) {rElec Int+2 SInv}
   (You bought it in a shop on level 5 of the Dungeon)

   Int:       It affects your intelligence (+2).
   rElec:     It insulates you from electricity.
   SInv:      It lets you see invisible.
 T - +9 gold dragon scales
Magical Staves
 a - the staff of conjuration "Lyextaem" {rPois rN+}
   (You found it on level 5 of the Lair of Beasts)

   [staff of conjuration]

   Base accuracy: +5 Base damage: 5 Base attack delay: 1.2 This weapon's minimum
   attack delay (0.6) is reached at skill level 12.
   rPois:     It protects you from poison.
   rN:        It protects you from negative energy.
   It falls into the 'Staves' category.
   It is a one-handed weapon.
Jewellery
 e - the ring "Ufouprely" (left hand) {rF+ rC+ Str+2 Stlth+}
   (You found it on level 2 of the Snake Pit)

   [ring of protection from fire]

   Str:       It affects your strength (+2).
   rF:        It protects you from fire.
   rC:        It protects you from cold.
   Stlth:     It makes you more stealthy.
 f - a ring of wizardry (on amulet)
 o - the ring "Rireca" (right hand) {Contam rF+ Will++ rCorr Dex+2}
   (You bought it in a shop on level 2 of the Orcish Mines)

   [ring of protection from fire]

   Dex:       It affects your dexterity (+2).
   rF:        It protects you from fire.
   Contam:    It causes magical contamination when unequipped.
   rCorr:     It protects you from acid and corrosion.
   Will:      It greatly increases your willpower.
 I - the macabre finger necklace (around neck) {Finger+ rN+}
   (You took it off a deep elf demonologist on level 5 of the Vaults)

   [amulet of nothing]

   Finger+:   It enables you to equip an extra ring.
   rN:        It protects you from negative energy.
 Q - a ring of positive energy
Wands
 h - a wand of acid (43)
 q - a wand of iceblast (60)
 E - a wand of digging (32)
 V - a wand of mindburst (95)
Scrolls
 i - a scroll of brand weapon
 n - 2 scrolls of fog
 t - 25 scrolls of teleportation
 u - 5 scrolls of fear
 A - 6 scrolls of magic mapping
 D - a scroll of amnesia
 M - a scroll of blinking
 P - 4 scrolls of summoning
 U - 4 scrolls of silence
 W - 3 scrolls of enchant weapon
Potions
 c - 5 potions of ambrosia
 d - 10 potions of mutation
 g - 7 potions of brilliance
 j - 21 potions of curing
 l - a potion of magic
 m - 11 potions of enlightenment
 p - 3 potions of haste
 C - 7 potions of berserk rage
 F - 2 potions of resistance
 H - 5 potions of cancellation
 L - 7 potions of lignification
 R - 9 potions of might
 S - a potion of invisibility
 Y - 5 potions of heal wounds
Miscellaneous
 v - a phantom mirror
 G - a condenser vane
 K - a box of beasts
 X - a lightning rod (4/4)
 Z - the horn of Geryon


   Skills:
 - Level 15.0 Fighting
 - Level 10.0 Staves
 - Level 15.0 Armour
 - Level 15.0 Dodging
 - Level 6.0 Stealth
 - Level 15.0 Shields
 - Level 24.5 Spellcasting
 - Level 23.0 Conjurations
 - Level 5.5 Necromancy
 * Level 20.9 Fire Magic
 - Level 17.3 Air Magic
 - Level 17.9 Earth Magic
 - Level 8.0 Evocations


You couldn't memorise any spells.
You knew the following spells:

 Your Spells              Type           Power      Damage    Failure   Level
a - Swiftness             Air            100%       N/A       0%          3
c - Leda's Unmaking       Conj/Erth      81%        9d13      0%          6
d - Ignition              Fire           82%        3d21      1%          8
e - Freezing Cloud        Conj/Ice/Air   84%        6-21      1%          5
f - Lehudib's Crystal Sp  Conj/Erth      81%        10d18     1%          8
g - Shatter               Erth           78%        3d57*     9%          9
h - Blink                 Tloc           100%       N/A       1%          2
i - Fire Storm            Conj/Fire      83%        8d21      1%          9
j - Orb of Destruction    Conj           71%        9d16      0%          7
k - Sublimation of Blood  Necr           90%        N/A       1%          2
l - Chain Lightning       Conj/Air       81%        3d108     3%          9
m - Spellforged Servitor  Conj/Summ      56%        N/A       1%          7

Your spell library contained the following spells:

 Spells                   Type           Power      Damage    Failure   Level
 Foxfire                  Conj/Fire      100%       2x1d9     0%          1
 Kiss of Death            Conj/Necr      100%       2d13      0%          1
 Magic Dart               Conj           100%       1d8       0%          1
 Sandblast                Erth           100%       2d20      0%          1
 Shock                    Conj/Air       100%       1d9       0%          1
 Cigotuvi's Dreadful Rot  Necr/Pois/Air  100%       N/A       0%          2
 Momentum Strike          Conj/Tloc      100%       3d10      0%          2
 Passwall                 Tmut/Erth      100%       N/A       0%          2
 Poisonous Vapours        Pois/Air       100%       N/A       0%          2
 Scorch                   Fire           100%       2d9       0%          2
 Searing Ray              Conj           100%       2d8       0%          2
 Static Discharge         Conj/Air       100%       2-7/arc   0%          2
 Dazzling Flash           Conj/Hex       100%       N/A       0%          3
 Hailstorm                Conj/Ice       100%       3d20      0%          3
 Inner Flame              Hex/Fire       100%       N/A       0%          3
 Mephitic Cloud           Conj/Pois/Air  100%       N/A       0%          3
 Stone Arrow              Conj/Erth      100%       3d13      0%          3
 Volatile Blastmotes      Fire/Tloc      100%       2d18      0%          3
 Airstrike                Air            77%        2d(12-28) 0%          4
 Flame Wave               Conj/Fire      100%       2d21      0%          4
 Sticky Flame             Conj/Fire      100%       2d11      0%          4
 Arcjolt                  Conj/Air       81%        1d91      0%          5
 Fireball                 Conj/Fire      83%        3d31      0%          5
 Iskenderun's Battlesphe  Conj           100%       2d15      0%          5
 Lee's Rapid Deconstruct  Erth           78%        3d35*     0%          5
 Conjure Ball Lightning   Conj/Air       81%        3x3d31    0%          6
 Plasma Beam              Fire/Air       93%        2x1d112   0%          6
 Starburst                Conj/Fire      83%        6d21      0%          6
 Apportation              Tloc           100%       N/A       1%          1
 Beastly Appendage        Tmut           100%       N/A       1%          1
 Freeze                   Ice            100%       1d10      1%          1
 Necrotise                Necr           100%       1d9       1%          1
 Sting                    Tmut/Pois      100%       1d8       1%          1
 Summon Small Mammal      Summ           100%       N/A       1%          1
 Call Imp                 Summ           100%       N/A       1%          2
 Ensorcelled Hibernation  Hex/Ice        100%       N/A       1%          2
 Lesser Beckoning         Tloc           100%       N/A       1%          2
 Wereblood                Tmut           60%        N/A       1%          2
 Call Canine Familiar     Summ           60%        N/A       1%          3
 Frozen Ramparts          Ice            100%       1d16      1%          3
 Gell's Gravitas          Tloc           60%        N/A       1%          3
 Ignite Poison            Fire/Tmut/Pois 100%       N/A       1%          3
 Ozocubu's Armour         Ice            78%        N/A       1%          3
 Portal Projectile        Hex/Tloc       100%       N/A       1%          3
 Spider Form              Tmut/Pois      60%        N/A       1%          3
 Summon Guardian Golem    Hex/Summ       60%        N/A       1%          3
 Teleport Other           Tloc           60%        N/A       1%          3
 Tukima's Dance           Hex            60%        N/A       1%          3
 Vampiric Draining        Necr           90%        2d12      1%          3
 Vhi's Electric Charge    Tloc/Air       100%       N/A       1%          3
 Anguish                  Hex/Necr       38%        N/A       1%          4
 Animate Armour           Summ/Erth      100%       N/A       1%          4
 Animate Dead             Necr           90%        N/A       1%          4
 Cause Fear               Hex            30%        N/A       1%          4
 Dispel Undead            Necr           90%        3d29      1%          4
 Fulminant Prism          Conj/Hex       56%        3d24      1%          4
 Ice Form                 Ice/Tmut       78%        N/A       1%          4
 Iskenderun's Mystic Bla  Conj/Tloc      100%       2d19      1%          4
 Leda's Liquefaction      Hex/Erth       63%        N/A       1%          4
 Manifold Assault         Tloc           60%        N/A       1%          4
 Olgreb's Toxic Radiance  Pois           60%        N/A       1%          4
 Passage of Golubria      Tloc           60%        N/A       1%          4
 Petrify                  Tmut/Erth      100%       N/A       1%          4
 Summon Lightning Spire   Summ/Air       100%       N/A       1%          4
 Agony                    Necr           90%        N/A       1%          5
 Irradiate                Conj/Tmut      56%        3d30      1%          5
 Silence                  Hex/Air        63%        N/A       1%          5
 Statue Form              Tmut/Erth      84%        N/A       1%          6
 Maxwell's Capacitive Co  Air            77%        ∞         1%          8
 Death Channel            Necr           45%        N/A       2%          6
 Storm Form               Tmut/Air       63%        N/A       3%          7
 Alistair's Intoxication  Tmut/Pois      40%        N/A       4%          5
 Blade Hands              Tmut           30%        N/A       4%          5
 Metabolic Englaciation   Hex/Ice        39%        N/A       4%          5
 Summon Forest            Summ/Tloc      30%        N/A       4%          5
 Summon Mana Viper        Hex/Summ       60%        N/A       4%          5
 Yara's Violent Unravell  Hex/Tmut       30%        3d13      4%          5
 Simulacrum               Ice/Necr       48%        N/A       7%          6
 Dispersal                Tloc           30%        N/A       21%         6
 Eringya's Noxious Bog    Tmut/Pois      30%        N/A       21%         6
 Summon Cactus Giant      Summ           30%        N/A       21%         6
 Haunt                    Necr/Summ      38%        N/A       34%         7
 Borgnjor's Revivificati  Necr           45%        N/A       65%         8
 Infestation              Necr           45%        N/A       65%         8
 Dragon Form              Tmut           30%        N/A       71%         7
 Ozocubu's Refrigeration  Ice            39%        4d16      71%         7
 Summon Hydra             Summ           30%        N/A       71%         7
 Discord                  Hex            30%        N/A       100%        8
 Death's Door             Necr           45%        N/A       100%        9
 Dragon's Call            Summ           30%        N/A       100%        9


Dungeon Overview and Level Annotations

Branches:
Dungeon (15/15)            Temple (1/1) D:5            Lair (5/5) D:10
 Shoals (4/4) Lair:2        Snake (4/4) Lair:2        Slime (5/5) Lair:4
    Orc (2/2) D:9             Elf (3/3) Orc:2        Vaults (5/5) D:14
  Crypt (3/3) Vaults:2       Tomb (0/3) Crypt:3      Depths (4/4) D:15
   Hell (visited)             Dis (0/7) Hell            Geh (0/7) Hell
    Coc (7/7) Hell            Tar (0/7) Hell            Zot (5/5) Depths:4
 Bailey (visited)         Desolation (visited)      Gauntlet (visited)

Shops:
D:5 [   Orc:2 (*=[=!*=*   Elf:2 [([   Snake:1 *   Snake:3 [[[   Vaults:5 [

Portals:
Hell: Depths:1 Depths:2 Depths:3 Depths:4
Abyss: Lair:5 Depths:1 Depths:2 Depths:3
Pandemonium: Depths:1 Depths:2 Depths:3
Ziggurat: Depths:2

Annotations:
Snake:2 1 transporter
Orc:1 Harold; Josephine
Coc:7 exclusion: ice statue
Zot:2 2 transporters, exclusion: orange crystal statue


Innate Abilities, Weirdness & Mutations

You have an increased reservoir of magic. (+10% MP)
You shall have no god before yourself.
Your divine heritage dramatically boosts your attributes as you level up.
Your mind is very acute. (Int +8, Str/Dex -2)
Your flesh is cold resistant. (rC+)
You expend magic power (3 MP) to strengthen your wands.


Message History

(P) Snake Pit (M) Slime Pits (O) Orcish Mines (E) Elven Halls (V) Vaults (C) Crypt (W) Tomb (U) Depths (H) Hell (I) Dis (G) Gehenna (X) Cocytus (Y) Tartarus (Z) Zot
Where to? (Enter - D:1, ? - help)
What level of the Dungeon? (default 1, ? - help)
There is a stone staircase leading up here.
You fly upwards.
There is a stone staircase leading down here.
Magic restored.
There is a stone staircase leading up here.
You fly upwards.
There is a stone staircase leading down here.
You see here a +0 dagger.
There is a stone staircase leading up here.
You fly upwards.
There is a stone staircase leading down here.
There is a stone staircase leading up here.
You fly upwards.
There is a stone staircase leading down here.
An ice devil comes into view.
Aiming: Fire Storm (dangerous; 1% risk of failure)
Press: ? - help, Q - select action, (/) - cycle Dir - move target, f - ice devil
Aim: an ice devil You feel a surge of power!
A raging storm of fire appears!
The great blast of fire engulfs the ice devil!!!!
The ice devil is burned terribly!
You kill the ice devil!
(D) Dungeon (T) Temple (L) Lair (A) Shoals (P) Snake Pit (M) Slime Pits (O) Orcish Mines (E) Elven Halls (V) Vaults (C) Crypt (W) Tomb (U) Depths (H) Hell (I) Dis (G) Gehenna (X) Cocytus (Y) Tartarus (Z) Zot
Where to? (Enter - D:1 @ (x,y), ? - help)
There is an open door here.
You reach down and open the door.
There is an open door here.
There is an escape hatch in the floor here.
There is a staircase leading out of the dungeon here.
You have escaped!

##....#..........................
...........................#.#...
..............(............#.....
........########'########..#.##.#
.....^..####.........####..#.##..
........##.........#...##..#.####
..#....†#......#'#...#..#..#.#
..##....'.....##>##.....'..#.#
..##....†.....##@##.....'..#.#
........#..#...#'#......#..#.#
........##...#.........##..#.#
........####.........####..#.#
........########'########..#.#
#..........................#.#
...........................#.####
....#...............#####........
..#.............#................


There were no monsters in sight!

Vanquished Creatures
  Antaeus (Coc:7)
  the Royal Jelly (Slime:5)
  A seraph (Pan)
  Mnoleg (Pan)
  9 dread liches
  6 ancient liches
  2 orbs of fire (Zot:5)
  2 juggernauts
  Mara (Shoals:3)
  Sojobo (Vaults:4)
  3 Killer Klowns (Zot:5)
  2 pandemonium lords
  15 shard shrikes
  Bai Suzhen (Depths:1)
  3 curse toes
  Xtahua (Vaults:2)
  A caustic shrike (Depths:2)
  6 golden dragons
  Nikola (Vaults:1)
  A pearl dragon (Pan)
  A bone dragon (Crypt:1)
  the Enchantress (Depths:1)
  2 electric golems
  An iron giant (Depths:3)
  A Brimstone Fiend (Pan)
  3 Tzitzimimeh
  3 walking crystal tomes (Depths:3)
  4 Hell Sentinels
  15 tentacled monstrosities
  11 titans
  17 Ice Fiends
  Zenata (Crypt:3)
  3 deep elf blademasters
  7 liches
  22 Orb Guardians
  A shard shrike skeleton (Coc:3)
  12 quicksilver dragons
  2 deep elf master archers (Elf:3)
  Asterion (Depths:1)
  20 acid blobs
  11 Executioners (Pan)
  Murray (Depths:1)
  Polyphemus (Shoals:4)
  8 sphinxes
  8 death cobs
  3 ancient champions
  2 krakens
  4 tengu reavers
  8 shadow dragons
  5 revenants (Crypt:2)
  8 draconian monks
  A fenstrider witch (Shoals:4)
  9 storm dragons
  5 nagarajas
  Ilsuiw (Shoals:4)
  The ghost of roninjake the Marksminotaur, a journeyman MiHu of Gozag (Orc:2)
  18 rockslimes
  A demonspawn warmonger (Pan)
  4 deep elf sorcerers
  18 narguns
  16 frost giants
  7 draconian knights
  2 iron dragons
  19 daevas (Pan)
  23 azure jellies
  An imperial myrmidon (Desolation)
  10 fire giants
  3 balrugs
  9 cacodemons (Pan)
  A ghost moth (shapeshifter) (Vaults:5)
  7 draconian scorchers
  2 orc warlords
  14 vault wardens
  12 ghost moths
  5 curse skulls
  7 ghouls (Crypt:2)
  30 angels
  2 deep elf elementalists (Elf:3)
  3 war gargoyles
  4 draconian stormcallers
  10 reapers
  6 draconian annihilators
  2 formless jellyfish (Vaults:2)
  6 draconian shifters
  10 shard shrike simulacra
  A juggernaut zombie (Crypt:2)
  29 very ugly things
  A demonspawn corrupter (Pan)
  A demonspawn blood saint (Pan)
  9 ironbound thunderhulks
  2 caustic shrike skeletons (Pan)
  19 elemental wellsprings
  26 ironbound preservers
  21 apis (Pan)
  25 stone giants
  15 ophanim (Pan)
  4 spriggan defenders
  12 quicksilver oozes
  Nessos (Lair:4)
  15 vampire knights
  8 black draconians
  12 deep elf demonologists
  14 deep elf annihilators
  6 green draconians
  15 dire elephants
  A spark wasp (shapeshifter) (Vaults:5)
  10 lorocyprocas (Pan)
  A minotaur (Gauntlet)
  10 purple draconians
  A dire elephant (shapeshifter) (Vaults:5)
  10 red draconians
  20 wendigos
  7 eidola
  8 yellow draconians
  9 white draconians
  4 iron golems
  15 ettins
  Snorg (Lair:3)
  5 jiangshi
  11 deep elf death magi
  6 blizzard demons
  A mummy priest (Crypt:3)
  12 merfolk impalers
  A ragged hierophant (Desolation)
  5 green deaths
  5 merfolk javelineers (Shoals:4)
  10 fire dragons
  8 great orbs of eyes
  5 entropy weavers
  6 deep elf high priests
  10 yaktaur captains
  7 hydras
  A rakshasa (Depths:2)
  14 caustic shrike simulacra
  6 ice dragons
  4 juggernaut simulacra
  A quicksilver dragon skeleton (Crypt:1)
  4 salamander tyrants
  6 spriggan air magi
  35 vault guards
  10 ironbound frosthearts
  A servant of whispers (Desolation)
  3 catoblepae
  A peacekeeper (Desolation)
  14 anacondas
  12 naga warriors
  9 two-headed ogres
  2 death knights
  8 centaur warriors
  3 merfolk avatars
  2 satyrs
  12 deep troll earth magi
  3 boulder beetles
  4 tengu warriors
  An alligator snapping turtle (Shoals:4)
  12 death yaks
  4 merfolk aquamancers
  27 dancing weapons
  7 deep troll shamans
  4 hell hogs
  6 vampire magi
  2 demonic crawlers (Pan)
  2 thrashing horrors (Lair:5)
  4 spriggan berserkers
  3 orc high priests
  14 shock serpents
  13 naga sharpshooters
  Sonja (D:11)
  Nergalle (Orc:2)
  20 deep elf knights
  18 soul eaters
  3 spriggans
  16 hell knights
  Urug (Lair:1)
  20 sun demons
  5 salamander mystics
  A skyshark (shapeshifter) (Vaults:5)
  19 sixfirhies
  2 sun moths (Shoals:2)
  2 skysharks
  13 iron trolls
  9 shadow wraiths
  An anaconda zombie (Hell)
  16 skeletal warriors
  16 cherubim (Pan)
  10 sea snakes
  6 quicksilver dragon simulacra
  93 deep trolls
  6 glowing orange brains
  A spriggan druid (Elf:3)
  A golden dragon skeleton (Crypt:2)
  23 deep elf archers
  22 large abominations
  19 flayed ghosts
  4 bog bodies (Crypt:2)
  6 spriggan simulacra
  18 phantasmal warriors
  3 shadow demons
  4 kraken simulacra (Coc:7)
  An orange crystal statue (Gauntlet)
  10 naga ritualists
  23 harpies
  33 deep elf pyromancers
  32 deep elf zephyrmancers
  8 necromancers
  13 orc knights
  10 wizards
  18 ironbound convokers
  A wolf spider zombie (D:15)
  A manticore (shapeshifter) (Elf:1)
  19 mana vipers
  A mana viper (shapeshifter) (Depths:2)
  A stone giant zombie (Coc:3)
  6 orc sorcerers
  2 obsidian statues
  3 fauns
  An anaconda skeleton (Pan)
  9 shining eyes
  38 ugly things
  A tengu skeleton (Vaults:2)
  16 salamanders
  A sphinx skeleton (Crypt:1)
  7 cyclopes
  9 manticores
  A stone giant skeleton (Pan)
  8 elephants
  20 moths of wrath
  A naga zombie (Crypt:3)
  7 merfolk sirens
  60 black mambas
  24 naga magi
  9 rust devils
  An iron dragon skeleton (Pan)
  7 guardian serpents (Snake:4)
  21 vault sentinels
  5 eyes of devastation
  2 molten gargoyles (Hell)
  5 gargoyles
  8 water nymphs
  9 orange demons (Pan)
  2 torpor snails
  3 centaur skeletons
  4 ice statues
  10 cane toads
  Maggie (D:7)
  18 smoke demons
  14 titan simulacra
  8 hellions
  2 dire elephant skeletons
  8 rime drakes
  A cane toad (shapeshifter) (Vaults:5)
  A steelbarb worm zombie (Crypt:2)
  7 komodo dragons
  8 unseen horrors
  11 freezing wraiths
  2 efreet (D:15)
  A sea snake zombie (Hell)
  2 ancient zymes (Lair:5)
  4 ice devils
  5 tengu conjurers
  7 tormentors
  28 yaktaurs
  7 anaconda simulacra
  A spectral harpy (Coc:3)
  A golden dragon simulacrum (Coc:4)
  24 merfolk
  5 hydra zombies
  5 red devils
  7 trolls
  19 saltlings
  4 hellwings (Pan)
  8 hornets
  A tengu simulacrum (Crypt:1)
  2 polar bears
  7 wind drakes
  A tarantella (Vaults:4)
  A tarantella (shapeshifter) (D:15)
  2 harpy skeletons (Pan)
  2 raiju (D:10)
  An ettin zombie (Crypt:3)
  A jumping spider zombie (Crypt:1)
  2 hydra skeletons (Hell)
  3 iron dragon simulacra
  30 blink frogs
  15 snapping turtles
  4 stone giant simulacra
  5 dream sheep
  A dream sheep (shapeshifter) (Vaults:5)
  A satyr zombie (Crypt:2)
  127 slime creatures
  A frost giant simulacrum (Vaults:2)
  A snapping turtle (shapeshifter) (Vaults:5)
  A culicivora (shapeshifter) (D:15)
  16 flying skulls (Crypt:1)
  4 shadows
  15 water elementals
  A jumping spider (shapeshifter) (Depths:2)
  3 naga simulacra
  An alligator skeleton (Hell)
  6 vampires
  7 ynoxinuls
  12 wraiths
  A deep troll skeleton (Vaults:2)
  3 air elementals
  4 wyverns
  47 yaks
  6 fire elementals
  A nameless horror (Crypt:3)
  14 golden eyes
  5 dire elephant simulacra
  7 basilisks
  8 fire dragon skeletons (Crypt:1)
  A redback (shapeshifter) (Depths:2)
  A steam dragon (D:7)
  A human (shapeshifter) (Lair:5)
  23 chaos spawn
  17 neqoxecs (Pan)
  3 redbacks
  An alligator snapping turtle simulacrum (Coc:2)
  15 vampire mosquitoes
  14 wargs
  12 harpy simulacra
  An acid dragon (D:13)
  32 nagas
  17 water moccasins
  A cane toad zombie (Crypt:2)
  2 floating eyes (Depths:2)
  A water moccasin (shapeshifter) (Elf:1)
  3 hydra simulacra
  7 hell hounds
  3 sky beasts (Depths:2)
  3 naga skeletons
  3 ettin simulacra
  48 orc warriors
  A sky beast (shapeshifter) (Depths:2)
  A hornet zombie (D:15)
  An alligator simulacrum (Hell)
  2 ice beasts
  2 black bears
  12 small abominations
  19 wolves
  6 ogres
  9 boggarts
  A torpor snail zombie (Crypt:2)
  14 centaurs
  A phantom (D:6)
  Blork the orc (D:5)
  An elf zombie (Crypt:1)
  3 kobold brigands
  10 bullfrogs
  5 necrophages
  A wyvern zombie (D:8)
  4 gnoll sergeants
  2 earth elementals (Elf:3)
  A human skeleton (Vaults:2)
  7 scorpions
  A cyclops skeleton (Crypt:1)
  13 wights
  19 killer bees
  2 spriggan zombies
  12 electric eels
  6 howler monkeys
  3 centaur zombies
  A crimson imp (Pan)
  6 jellies
  5 hounds
  A wolf skeleton (Crypt:1)
  2 human zombies
  8 orc priests
  A gnoll bouda (Lair:5)
  A sleepcap (D:5)
  13 orc wizards
  Natasha (thrice) (D:4)
  3 iguanas
  A hell rat (Lair:1)
  2 killer bee zombies
  A sky beast zombie (Crypt:2)
  4 mummies (D:8)
  A howler monkey zombie (D:8)
  Robin (D:2)
  A steam dragon zombie (Crypt:2)
  4 adders
  27 gnolls
  2 shadow imps
  A white imp (D:6)
  2 ufetubi
  5 worms
  A dart slug (D:1)
  65 orcs
  3 ball pythons
  A bat skeleton (Crypt:2)
  10 endoplasms
  5 giant cockroaches
  26 goblins
  18 hobgoblins
  3 jackals (D:3)
  19 kobolds
  A quokka (D:1)
  A river rat zombie (Crypt:2)
  20 bats
  7 rats
  3 ball lightnings (Pan)
  A fire vortex (Zot:4)
  8 tentacles
3281 creatures vanquished.

Vanquished Creatures (collateral kills)
  Gloorx Vloq (Pan)
  A dread lich (Zot:5)
  An ancient lich (Vaults:5)
  An orb of fire (Zot:5)
  2 pandemonium lords (Pan)
  Parghit (Zot:3)
  4 shard shrikes
  A curse toe (Zot:3)
  4 golden dragons
  Geryon (Hell)
  A pearl dragon (Pan)
  A Brimstone Fiend (Pan)
  2 Ice Fiends
  2 tentacled monstrosities (Zot:4)
  An electric golem (Zot:5)
  5 Orb Guardians (Zot:5)
  3 titans
  A quicksilver dragon (Zot:5)
  14 Executioners (Pan)
  An ancient champion (Crypt:2)
  A sphinx (Vaults:5)
  2 storm dragons
  4 shadow dragons
  A draconian monk (Zot:1)
  11 daevas (Pan)
  2 demonspawn warmongers (Pan)
  2 narguns (Coc:7)
  An iron dragon (Hell)
  A frost giant (Coc:7)
  2 draconian scorchers (Zot:2)
  3 balrugs (Pan)
  A draconian shifter (Zot:4)
  3 draconian stormcallers
  7 cacodemons (Pan)
  22 angels (Pan)
  A spriggan defender (D:15)
  6 reapers (Pan)
  An ironbound preserver (Vaults:5)
  10 ophanim (Pan)
  A war gargoyle (Crypt:3)
  A very ugly thing (Pan)
  A vampire knight (Crypt:3)
  17 apis (Pan)
  2 black draconians
  5 red draconians
  4 white draconians
  2 yellow draconians
  2 purple draconians
  An elemental wellspring (Coc:7)
  5 green draconians
  3 demonspawn black suns (Pan)
  3 wendigos (Coc:7)
  2 blizzard demons (Pan)
  A green death (Pan)
  An iron golem (Depths:1)
  A caustic shrike simulacrum (Coc:3)
  A hell beast (Pan)
  3 juggernaut simulacra
  A hell hog (Hell)
  7 demonic crawlers (Pan)
  6 hell knights (Crypt:3)
  20 soul eaters (Pan)
  4 sun demons
  14 cherubim (Pan)
  6 sixfirhies (Pan)
  A skeletal warrior (Coc:3)
  2 quicksilver dragon simulacra
  A bunyip skeleton (Pan)
  2 phantasmal warriors (Crypt:3)
  2 spriggan simulacra
  An orc knight (Vaults:5)
  18 large abominations (Pan)
  3 moths of wrath
  A moth of wrath (shapeshifter) (Vaults:5)
  A black mamba (Snake:2)
  A stone giant skeleton (Pan)
  16 smoke demons
  A centaur skeleton (Pan)
  A storm dragon simulacrum (Coc:1)
  8 orange demons (Pan)
  A dire elephant skeleton (Crypt:3)
  2 tormentors
  2 yaktaurs (Vaults:5)
  An anaconda simulacrum (Coc:6)
  2 red devils
  An iron giant simulacrum (Coc:6)
  A freezing wraith (Crypt:3)
  A sea snake skeleton (Hell)
  A hydra zombie (Coc:3)
  3 hellwings (Pan)
  A harpy skeleton (Crypt:3)
  An iron dragon simulacrum (Coc:6)
  A dream sheep (shapeshifter) (Vaults:5)
  3 shadows (Crypt:3)
  2 wraiths
  2 vampires (Crypt:3)
  A flying skull (Crypt:1)
  3 ynoxinuls (Pan)
  2 dire elephant simulacra
  3 golden eyes (Pan)
  An alligator snapping turtle simulacrum (Coc:1)
  12 chaos spawn (Pan)
  5 neqoxecs (Pan)
  9 harpy simulacra
  An orc warrior (Vaults:5)
  An ettin simulacrum (Coc:6)
  A shadow imp (Pan)
  A frilled lizard skeleton (Crypt:1)
367 creatures vanquished.

Vanquished Creatures (others)
  A pandemonium lord (Pan)
  An eldritch tentacle (Pan)
  A draconian knight (Zot:2)
  A harpy (Shoals:4)
  A naga simulacrum (Coc:6)
  A water elemental (Elf:1)
  A naga (Snake:3)
  An ettin simulacrum (Coc:6)
  599 fire vortices
  7 fulminant prisms
  10 tentacles
624 creatures vanquished.

Grand Total: 4272 creatures vanquished

Notes
Turn   | Place    | Note
-------+----------+-------------------------------------------
     0 | D:1      | relicbr the Demigod Conjurer began the quest for the Orb.
     0 | D:1      | Reached XP level 1. HP: 14/14 MP: 5/5
   312 | D:1      | Reached XP level 2. HP: 20/20 MP: 2/7
   315 | D:1      | Learned a level 2 spell: Searing Ray
   707 | D:1      | Reached skill level 2 in Spellcasting
  1522 | D:2      | Reached XP level 3. HP: 26/26 MP: 2/8
  2222 | D:2      | Noticed Robin
  2226 | D:2      | Killed Robin
  2227 | D:2      | Reached XP level 4. HP: 33/33 MP: 3/10
  2657 | D:2      | Reached skill level 6 in Spellcasting
  2657 | D:2      | Reached skill level 5 in Air Magic
  2657 | D:2      | Reached XP level 5. HP: 38/38 MP: 10/16
  2662 | D:2      | Learned a level 3 spell: Mephitic Cloud
  2667 | D:2      | Learned a level 4 spell: Fulminant Prism
  2673 | D:2      | Learned a level 5 spell: Freezing Cloud
  4441 | D:4      | Reached XP level 6. HP: 45/45 MP: 12/18
  4908 | D:4      | Noticed Natasha
  4911 | D:4      | Killed Natasha
  4926 | D:4      | Noticed Natasha
  4929 | D:4      | Killed Natasha
  5138 | D:4      | Noticed Natasha
  5142 | D:4      | Killed Natasha
  5181 | D:5      | Entered Level 5 of the Dungeon
  5439 | D:5      | Reached XP level 7. HP: 50/50 MP: 12/20
  5509 | D:5      | Found a staircase to the Ecumenical Temple.
  5960 | D:5      | Noticed Blork the orc
  5965 | D:5      | Killed Blork the orc
  5966 | D:5      | Reached skill level 7 in Spellcasting
  5974 | D:5      | Identified the +3 war axe "Gevel" {heavy, rPois rN+}
  6051 | D:5      | Found Owaid's Antique Armour Boutique.
  6056 | D:5      | Bought an ominously black robe for 131 gold pieces
  6056 | D:5      | Identified the +0 robe of Benevolence {+Inv rPois Regen+
                  | rCorr} (You bought it in a shop on level 5 of the Dungeon)
  6965 | Temple   | Entered the Ecumenical Temple
  7041 | D:6      | Noticed a green death
  7046 | D:6      | Noticed an angel
  7327 | D:6      | Reached XP level 8. HP: 42/57 MP: 12/22
  8171 | D:7      | Noticed Maggie
  8189 | D:7      | Killed Maggie
  8190 | D:7      | Reached skill level 8 in Spellcasting
  8443 | D:7      | Reached XP level 9. HP: 62/62 MP: 19/25
  9593 | D:8      | Reached skill level 10 in Conjurations
  9637 | D:8      | Identified the +9 spear of Weoliq {heavy, rElec rC- Will++
                  | Str-4}
 10343 | D:9      | Reached skill level 9 in Spellcasting
 10415 | D:9      | Found a flagged portal.
 10426 | Bailey   | Entered a bailey
 10621 | Bailey   | Reached XP level 10. HP: 50/69 MP: 19/27
 11167 | Bailey   | Acquired a staff of conjuration
 11225 | Bailey   | Identified the +1 robe of Maetine {rPois rN+++ Str-3}
 11225 | Bailey   | Noticed an orc sorcerer
 11322 | Bailey   | Noticed an orc high priest
 11328 | Bailey   | Killed an orc high priest
 11329 | Bailey   | Reached skill level 10 in Spellcasting
 11417 | Bailey   | Noticed an orc knight
 11444 | Bailey   | Killed an orc knight
 11824 | Bailey   | Reached skill level 1 in Fighting
 11971 | Bailey   | Killed an orc sorcerer
 12514 | D:9      | Reached skill level 1 in Shields
 12924 | D:9      | Found a staircase to the Orcish Mines.
 13081 | D:10     | Entered Level 10 of the Dungeon
 13083 | D:10     | Found a staircase to the Lair.
 13086 | D:10     | Reached XP level 11. HP: 80/80 MP: 16/29
 13666 | D:10     | Found a transporter.
 13672 | D:10     | Noticed a red very ugly thing
 13963 | D:10     | Found a transporter.
 13970 | D:10     | Noticed a large abomination
 14582 | Lair:1   | Entered Level 1 of the Lair of Beasts
 14639 | Lair:1   | Noticed Urug
 14641 | Lair:1   | Reached skill level 5 in Dodging
 14719 | Lair:1   | Killed Urug
 15256 | Lair:1   | Reached skill level 5 in Fighting
 15750 | Lair:1   | Noticed a four-headed hydra
 15766 | Lair:1   | Killed a four-headed hydra
 15767 | Lair:1   | Reached skill level 5 in Shields
 15991 | Lair:1   | Noticed a dire elephant
 16217 | Lair:1   | Killed a dire elephant
 16218 | Lair:1   | Reached XP level 12. HP: 33/95 MP: 7/30
 16445 | Lair:1   | Reached skill level 5 in Stealth
 16634 | Lair:2   | Noticed a four-headed hydra
 16640 | Lair:2   | Killed a four-headed hydra
 17088 | Lair:2   | Found a staircase to the Snake Pit.
 17167 | Lair:2   | Found a staircase to the Shoals.
 18227 | Lair:3   | Noticed Snorg
 18234 | Lair:3   | Killed Snorg
 18235 | Lair:3   | Reached skill level 1 in Evocations
 18360 | Lair:3   | Noticed a six-headed hydra
 18363 | Lair:3   | Killed a six-headed hydra
 19110 | Lair:3   | Reached XP level 13. HP: 102/102 MP: 25/31
 19856 | Lair:4   | Reached skill level 1 in Staves
 20594 | Lair:4   | Found a runed translucent door.
 20821 | Lair:4   | Noticed Nessos
 20834 | Lair:4   | Killed Nessos
 21496 | Lair:4   | Found a staircase to the Slime Pits.
 21575 | Lair:5   | Entered Level 5 of the Lair of Beasts
 21671 | Lair:5   | Found a gate leading to a gauntlet.
 21680 | Gauntlet | Entered a Gauntlet
 21680 | Gauntlet | Found a transporter.
 21680 | Gauntlet | Found a transporter.
 21757 | Gauntlet | Found a transporter.
 21769 | Gauntlet | Found a transporter.
 21784 | Gauntlet | Found a transporter.
 21787 | Gauntlet | Found a transporter.
 21789 | Gauntlet | Found a transporter.
 21789 | Gauntlet | Found a transporter.
 21791 | Gauntlet | Found a transporter.
 21794 | Gauntlet | Found a runed translucent door.
 21799 | Gauntlet | Found a runed translucent door.
 21801 | Gauntlet | Found a transporter.
 21817 | Gauntlet | Found a transporter.
 21827 | Gauntlet | Found a transporter.
 21841 | Gauntlet | Found a transporter.
 21861 | Gauntlet | Found a transporter.
 22250 | Gauntlet | Identified the +4 cloak of Kasitauk {Int+6}
 22507 | Gauntlet | Identified the ring "Socesuto" {*Slow rCorr Str+3 Int+3
                  | Stlth+}
 22516 | Gauntlet | Learned a level 6 spell: Leda's Unmaking
 22522 | Gauntlet | Learned a level 5 spell: Iskenderun's Battlesphere
 22530 | Gauntlet | Identified the +0 pair of boots of the Old and Reckless
                  | {Fly Dex+2}
 22664 | Gauntlet | Identified the +2 kite shield of Dyspraxia {+Blink rF-
                  | Dex+2}
 22664 | Gauntlet | Identified the ring "Piext" {Int+4 Dex+6}
 22664 | Gauntlet | Noticed a minotaur
 22673 | Gauntlet | Killed a minotaur
 22782 | Gauntlet | Identified the +0 ring mail of Boredom {-Cast rPois Stlth+}
 23271 | Lair:5   | Reached skill level 1 in Earth Magic
 23997 | Lair:5   | Reached skill level 15 in Conjurations
 24284 | Lair:5   | Reached XP level 14. HP: 110/110 MP: 4/32
 25607 | Lair:5   | Found a one-way gate to the infinite horrors of the Abyss.
 25611 | Lair:5   | Identified the staff of conjuration "Lyextaem" {rPois rN+}
 25862 | Orc:1    | Entered Level 1 of the Orcish Mines
 25866 | Orc:1    | Noticed Josephine
 25866 | Orc:1    | Noticed Nergalle
 26243 | Orc:1    | Noticed an orc warlord
 26254 | Orc:1    | Killed an orc warlord
 26511 | Orc:2    | Entered Level 2 of the Orcish Mines
 26511 | Orc:2    | Found Vanta's Jewellery Emporium.
 26511 | Orc:2    | Found Giprib's Distillery.
 26540 | Orc:2    | Reached skill level 5 in Earth Magic
 26701 | Orc:1    | Learned a level 2 spell: Blink
 27014 | Orc:2    | Bought a potion of heal wounds for 75 gold pieces
 27014 | Orc:2    | Bought a potion of heal wounds for 75 gold pieces
 27014 | Orc:2    | Bought a potion of magic for 120 gold pieces
 27247 | Orc:2    | Found a runed translucent gate.
 27250 | Orc:2    | Found a runed translucent gate.
 27250 | Orc:2    | Found a runed translucent gate.
 27252 | Orc:2    | Found Negropt's Assorted Antiques.
 27252 | Orc:2    | Noticed roninjake's ghost (journeyman MiHu)
 27390 | Orc:2    | Found Osiaple's General Store.
 27596 | Orc:1    | Noticed Harold
 27603 | Orc:2    | Killed Nergalle
 27787 | Orc:2    | Found a staircase to the Elven Halls.
 27814 | Orc:2    | Found Qaikobb's Jewellery Shoppe.
 29093 | Orc:2    | Found Vayr Ynty's Weapon Shoppe.
 29095 | Orc:2    | Found Kisewid's Assorted Antiques.
 29115 | Orc:2    | Found Felacu's Jewellery Shoppe.
 29123 | Orc:2    | Bought the ring "Rireca" {Contam rF+ Will++ rCorr Dex+2}
                  | for 602 gold pieces
 29152 | Orc:2    | Found Ysoraih's Antique Armour Boutique.
 29525 | D:11     | Noticed Sonja
 29530 | D:11     | Killed Sonja
 30122 | D:11     | Found a portal to a secret trove of treasure.
 33388 | D:13     | Reached skill level 11 in Spellcasting
 33732 | D:14     | Reached XP level 15. HP: 115/115 MP: 16/35
 33986 | D:14     | You are sucked into a shaft and drop 1 floor!
 33986 | D:15     | Entered Level 15 of the Dungeon
 35975 | D:15     | Found a staircase to the Depths.
 36242 | D:14     | Reached skill level 12 in Spellcasting
 36783 | D:14     | Found a gate to the Vaults.
 37586 | D:5      | Bought the +3 crown of Dyrovepreva {rElec Int+2 SInv} for
                  | 952 gold pieces
 37586 | D:5      | Found the +3 crown of Dyrovepreva {rElec Int+2 SInv}
 37782 | Elf:1    | Entered Level 1 of the Elven Halls
 38388 | Elf:1    | Identified the +5 flail of the Neverending Knaves {venom,
                  | rF+++ rCorr Int-3 Stlth+}
 38652 | Elf:1    | Identified the +6 trident of the Six Underlurkers {pain,
                  | rElec}
 38685 | Elf:1    | Reached skill level 13 in Spellcasting
 39160 | Elf:1    | Reached skill level 10 in Shields
 39847 | Elf:1    | Reached skill level 14 in Spellcasting
 40414 | Elf:1    | Reached XP level 16. HP: 122/122 MP: 13/39
 41278 | Elf:2    | Found Feej's Armour Boutique.
 41627 | Elf:2    | Reached skill level 1 in Armour
 41796 | Elf:2    | Reached skill level 15 in Spellcasting
 41926 | Elf:2    | Reached skill level 5 in Evocations
 42194 | Elf:2    | Found Rotosegue's Antique Weapon Boutique.
 42324 | Elf:2    | Found a runed translucent gate.
 42324 | Elf:2    | Found a runed translucent gate.
 42324 | Elf:2    | Found a runed translucent gate.
 42429 | Elf:2    | Found Puvylyst's Armour Emporium.
 42637 | Elf:2    | Noticed a deep elf blademaster
 42642 | Elf:2    | Killed a deep elf blademaster
 44057 | Elf:3    | Entered Level 3 of the Elven Halls
 45332 | Elf:3    | Paralysed by an air elemental for 1 turns
 45761 | Elf:3    | Noticed a deep elf blademaster
 45769 | Elf:3    | Killed a deep elf blademaster
 45889 | Elf:3    | Identified the +5 long sword of the Haunted God {freeze,
                  | Int+5}
 46117 | Elf:3    | Identified the +4 short sword "Maruw" {vamp, rPois Int-4
                  | Dex+4}
 46118 | Elf:3    | Noticed a deep elf blademaster
 46123 | Elf:3    | Killed a deep elf blademaster
 46125 | Elf:3    | Reached XP level 17. HP: 108/132 MP: 6/41
 46410 | Elf:3    | Noticed a Hell Sentinel
 46411 | Elf:3    | Reached skill level 10 in Earth Magic
 46780 | Elf:3    | Identified the +4 short sword of the Teaching Ass {flame,
                  | *Rage rPois rC++ Dex+3}
 46829 | Elf:3    | Noticed a Brimstone Fiend
 46831 | Elf:3    | Reached skill level 10 in Air Magic
 47349 | Elf:3    | Reached skill level 5 in Staves
 47354 | Elf:3    | Identified the staff of death "Pitez" {rElec rN+ Str-3
                  | Int+6 Dex-4}
 47379 | Elf:3    | Identified the staff of earth "Xiekhyg" {rPois Str+2}
 47396 | Elf:3    | Identified the staff of poison "Goxt" {*Corrode rPois rN++
                  | Str+5}
 47405 | Elf:3    | Got Sif Muna's Compendium of Astrapomancy and the Sun
 47521 | Elf:3    | Learned a level 9 spell: Fire Storm
 47809 | Snake:1  | Entered Level 1 of the Snake Pit
 47953 | Snake:1  | Reached skill level 1 in Fire Magic
 48610 | Snake:1  | Identified the +5 ring mail of Okawaru's Pride {rElec rC++
                  | rCorr Str-2}
 48975 | Snake:1  | Found Qoepugiat's Assorted Antiques.
 50537 | Snake:2  | Found a transporter.
 51119 | Snake:2  | Found a transporter.
 52383 | Snake:2  | Found a transporter.
 52385 | Snake:2  | Found a transporter.
 53079 | Snake:3  | Found Ruempi Xuqo's Armour Emporium.
 53115 | Snake:3  | Found Geiwk's Antique Armour Shoppe.
 53118 | Snake:3  | Found Wuechoam's Armour Emporium.
 53185 | Snake:3  | Identified the +0 leather armour of Negligence {-Tele
                  | Rampage rC+ rN+}
 53553 | Snake:3  | Reached XP level 18. HP: 135/139 MP: 17/42
 54747 | Snake:4  | Entered Level 4 of the Snake Pit
 56080 | Snake:4  | Identified the +6 scale mail "Lokluk" {rElec}
 56261 | Snake:4  | Got the Catalogue of Quantum Leap
 56855 | Snake:4  | Identified the staff of fire "Dubbael" {rF+ Int-5 Dex+2
                  | SInv}
 57327 | Snake:4  | Got a serpentine rune of Zot
 57510 | Snake:2  | Found a transporter.
 57632 | Shoals:1 | Entered Level 1 of the Shoals
 57751 | Shoals:1 | Reached skill level 5 in Fire Magic
 61132 | Shoals:3 | Noticed Mara
 61139 | Shoals:3 | Killed Mara
 61645 | Shoals:3 | Found a runed translucent door.
 62324 | Shoals:3 | Reached XP level 19. HP: 130/146 MP: 5/43
 62486 | Shoals:3 | Acquired the Atlas of Gusty Incandescence
 62495 | Shoals:3 | Learned a level 6 spell: Plasma Beam
 62539 | Shoals:4 | Entered Level 4 of the Shoals
 62680 | Shoals:4 | Noticed Ilsuiw
 62692 | Shoals:4 | Killed Ilsuiw
 63443 | Shoals:4 | Noticed Polyphemus
 63752 | Shoals:4 | Identified the staff of poison "Gaffeh" {rPois rC+}
 63870 | Shoals:4 | Killed Polyphemus
 65133 | Shoals:4 | Upgraded the game from 0.31-a0-128-g25add195a6 to
                  | 0.31-a0-142-g31f6795574
 66182 | Shoals:4 | Got a barnacled rune of Zot
 66308 | Shoals:4 | Identified the +9 scimitar of Untruth {flame, rPois Will+
                  | Int-2 Dex+3}
 66500 | Lair:2   | Learned a level 2 spell: Sublimation of Blood
 66657 | Depths:1 | Entered Level 1 of the Depths
 66665 | Depths:1 | Reached skill level 10 in Fire Magic
 66838 | Depths:1 | Noticed Asterion
 66853 | Depths:1 | Killed Asterion
 67203 | Depths:1 | Found a one-way gate leading to the halls of Pandemonium.
 67466 | Depths:1 | Identified the +9 war axe of the Spheres {freeze, rPois
                  | Str+3}
 67533 | Depths:1 | Noticed the Enchantress
 68265 | Depths:1 | Found a gateway to Hell.
 68343 | Depths:1 | Noticed Bai Suzhen
 68355 | Depths:1 | Killed Bai Suzhen
 68492 | Depths:1 | Killed the Enchantress
 71116 | Depths:2 | Found a one-way gateway to a ziggurat.
 71361 | Depths:2 | Reached XP level 20. HP: 110/152 MP: 1/44
 71591 | Depths:2 | Paralysed by a floating eye for 3 turns
 71596 | Depths:2 | Gained mutation: You are weak. (Str -2) [a shining eye]
 71597 | Depths:2 | Paralysed by a floating eye for 4 turns
 71608 | Depths:2 | Paralysed by a floating eye for 4 turns
 72700 | Depths:2 | Identified the +6 trident "Tiublere" {holy, rN+ Will++
                  | Str+2}
 72865 | Depths:2 | Noticed a caustic shrike
 72875 | Depths:2 | Killed a caustic shrike
 72876 | Depths:2 | Reached skill level 15 in Fire Magic
 73297 | Depths:2 | Noticed a golden dragon
 73304 | Depths:2 | Killed a golden dragon
 73589 | Depths:2 | Found the +3 Elemental Staff {rElec rF+ rC+ AC+3}
 73601 | Depths:2 | Identified the staff of death "Duduet Redo" {rN+ Str+2
                  | Stlth+}
 74140 | Depths:3 | Noticed a juggernaut
 74829 | Depths:2 | Killed a juggernaut
 77794 | Depths:3 | Found the +6 shillelagh "Devastator" {shatter}
 79668 | Orc:2    | Bought a scroll of acquirement for 1352 gold pieces
 79668 | Orc:2    | Acquired a book of Annihilations
 80006 | Depths:4 | Entered Level 4 of the Depths
 80006 | Depths:4 | Noticed a juggernaut
 80187 | Depths:3 | Killed a juggernaut
 80198 | Depths:3 | Reached XP level 21. HP: 81/159 MP: 1/46
 81441 | Depths:4 | Reached skill level 5 in Armour
 82130 | Depths:4 | Noticed a golden dragon
 82269 | Depths:4 | Noticed a golden dragon
 82274 | Depths:4 | Killed a golden dragon
 82413 | Depths:4 | Found a gate to the Realm of Zot.
 82543 | Depths:4 | Killed a golden dragon
 83151 | Vaults:1 | Entered Level 1 of the Vaults
 83606 | Vaults:1 | Noticed Nikola
 83611 | Vaults:1 | Killed Nikola
 85833 | Vaults:2 | Noticed Xtahua
 85836 | Vaults:2 | Killed Xtahua
 86374 | Vaults:2 | Reached skill level 16 in Spellcasting
 87628 | Vaults:2 | Found a staircase to the Crypt.
 88643 | Vaults:3 | Reached XP level 22. HP: 166/166 MP: 36/48
 88933 | Vaults:2 | Reached skill level 1 in Necromancy
 91601 | Vaults:4 | Found a crumbling gateway.
 91634 | Desolati | Entered the Desolation of Salt
 92898 | Vaults:4 | Noticed Sojobo
 92910 | Vaults:4 | Killed Sojobo
 93929 | Vaults:4 | Learned a level 9 spell: Chain Lightning
 94031 | Vaults:4 | Reached skill level 17 in Spellcasting
 94654 | Slime:1  | Entered Level 1 of the Pits of Slime
 94656 | Slime:1  | Gained mutation: You are frail. (-10% HP) [a shining eye]
 96248 | Slime:3  | Gained mutation: You occasionally lose the ability to drink
                  | potions when taking damage. [a shining eye]
 98073 | Slime:3  | Reached XP level 23. HP: 154/154 MP: 27/50
 98202 | Slime:5  | Entered Level 5 of the Pits of Slime
 98349 | Slime:5  | Noticed the Royal Jelly
101926 | Slime:5  | Killed the Royal Jelly
102098 | Slime:5  | Got a slimy rune of Zot
102133 | Slime:5  | Identified the +1 cloak "Mewkor" {rC- rCorr Str+3 Int+4}
102168 | Slime:5  | Identified the ring "Nyusk" {Ice rElec Int+3}
102171 | Slime:5  | Identified the +0 plate armour of Mutwu Ylai {+Blink Will+}
102182 | Slime:5  | Identified the staff of earth "Novedghua" {rF+ Str+4}
102293 | Slime:5  | Identified the +1 war axe of Benevolence {heavy, Str+4}
102829 | Zot:1    | Entered Level 1 of the Realm of Zot
103102 | Depths:4 | Lost mutation: You are weak. (Str -2) [potion of mutation]
103102 | Depths:4 | Lost mutation: You are frail. (-10% HP) [potion of
                  | mutation]
103102 | Depths:4 | Lost mutation: You occasionally lose the ability to drink
                  | potions when taking damage. [potion of mutation]
103102 | Depths:4 | Gained mutation: You have a pair of small horns on your
                  | head. [potion of mutation]
103102 | Depths:4 | Gained mutation: You occasionally lose the ability to read
                  | scrolls when taking damage. [potion of mutation]
103103 | Depths:4 | Lost mutation: You have a pair of small horns on your head.
                  | [potion of mutation]
103103 | Depths:4 | Lost mutation: You occasionally lose the ability to read
                  | scrolls when taking damage. [potion of mutation]
103103 | Depths:4 | Gained mutation: Your system is resistant to poisons.
                  | (rPois) [potion of mutation]
103103 | Depths:4 | Gained mutation: You do not regenerate when monsters are
                  | visible. [potion of mutation]
103103 | Depths:4 | Gained mutation: Your flesh is cold resistant. (rC+)
                  | [potion of mutation]
103104 | Depths:4 | Lost mutation: You do not regenerate when monsters are
                  | visible. [potion of mutation]
103104 | Depths:4 | Lost mutation: Your flesh is cold resistant. (rC+) [potion
                  | of mutation]
103104 | Depths:4 | Lost mutation: Your system is resistant to poisons. (rPois)
                  | [potion of mutation]
103104 | Depths:4 | Gained mutation: Your muscles are strong. (Str +4, Int/Dex
                  | -1) [potion of mutation]
103391 | D:10     | Reached skill level 18 in Spellcasting
103397 | D:10     | Identified the staff of death "Tydomito" {rN+ rCorr Int+3}
103813 | Snake:2  | Identified the ring "Ufouprely" {rF+ rC+ Str+2 Stlth+}
104045 | Orc:2    | Killed roninjake's ghost
104187 | Orc:2    | Bought a double sword for 555 gold pieces
104187 | Orc:2    | Bought a scroll of blinking for 277 gold pieces
104187 | Orc:2    | Bought a potion of mutation for 296 gold pieces
104471 | Crypt:1  | Entered Level 1 of the Crypt
105743 | Crypt:1  | Identified the staff of cold "Rouqifo" {Fly rC+ rN+++ Str-2
                  | SInv}
106836 | Crypt:1  | Got the Papyrus of the Syncline and Filth
107835 | Crypt:2  | Found a huge runed gate.
107835 | Crypt:2  | Found a huge runed gate.
107836 | Crypt:2  | Found a huge runed gate.
107838 | Crypt:2  | Found a huge runed gate.
107840 | Crypt:2  | Found a huge runed gate.
108065 | Crypt:2  | Found a huge runed gate.
108065 | Crypt:2  | Found a huge runed gate.
108065 | Crypt:2  | Found a huge runed gate.
108066 | Crypt:2  | Found a huge runed gate.
108067 | Crypt:2  | Found a huge runed gate.
108068 | Crypt:2  | Found a huge runed gate.
108577 | Crypt:2  | Found a huge runed gate.
108577 | Crypt:2  | Found a huge runed gate.
108577 | Crypt:2  | Found a huge runed gate.
108577 | Crypt:2  | Found a huge runed gate.
108578 | Crypt:2  | Found a huge runed gate.
108636 | Crypt:2  | Found a huge runed gate.
108637 | Crypt:2  | Found a huge runed gate.
108638 | Crypt:2  | Found a huge runed gate.
108639 | Crypt:2  | Found a huge runed gate.
108640 | Crypt:2  | Found a huge runed gate.
108641 | Crypt:2  | Found a huge runed gate.
108642 | Crypt:2  | Found a huge runed gate.
108647 | Crypt:2  | Found a huge runed gate.
108651 | Crypt:2  | Found a huge runed gate.
108651 | Crypt:2  | Found a huge runed gate.
108651 | Crypt:2  | Found a huge runed gate.
108651 | Crypt:2  | Found a huge runed gate.
108651 | Crypt:2  | Found a huge runed gate.
108651 | Crypt:2  | Found a huge runed gate.
108652 | Crypt:2  | Found a huge runed gate.
108653 | Crypt:2  | Found a huge runed gate.
108654 | Crypt:2  | Found a huge runed gate.
108662 | Crypt:2  | Found a huge runed gate.
108662 | Crypt:2  | Found a huge runed gate.
108662 | Crypt:2  | Found a huge runed gate.
108718 | Crypt:2  | Noticed an ancient lich
108718 | Crypt:2  | Noticed a dread lich
108721 | Crypt:2  | Killed a dread lich
108722 | Crypt:2  | Killed an ancient lich
108723 | Crypt:2  | Reached skill level 19 in Spellcasting
108723 | Crypt:2  | Reached XP level 24. HP: 81/179 MP: 26/52
108984 | Crypt:3  | Entered Level 3 of the Crypt
109474 | Crypt:3  | Learned a level 7 spell: Spellforged Servitor
109883 | Crypt:3  | Identified the +5 spear "Imaodd" {flame, Drain rN+++ MP+9
                  | Dex+2}
110278 | Crypt:3  | Noticed Zenata
110281 | Crypt:3  | Killed Zenata
110382 | Crypt:3  | Found a staircase to the Tomb.
110726 | Crypt:3  | Identified the +1 scale mail of the Sacrificial Victim
                  | {+Blink Dex+2}
110757 | Crypt:3  | Identified the +1 robe of the Shore {-Cast rPois Will+
                  | rCorr}
111201 | Crypt:3  | Noticed a dread lich
111204 | Crypt:3  | Killed a dread lich
111925 | Lair:2   | Learned a level 8 spell: Ignition
112107 | Hell     | Entered the Vestibule of Hell
112107 | Hell     | Noticed Geryon
112678 | Hell     | Killed Geryon
113279 | Hell     | Noticed Murray
113804 | Depths:1 | Killed Murray
113805 | Depths:1 | Reached skill level 20 in Spellcasting
114753 | Hell     | Found a gateway to the ashen valley of Gehenna.
114846 | Hell     | Found a gateway to the decaying netherworld of Tartarus.
114954 | Hell     | Found a gateway to the freezing wastes of Cocytus.
115375 | Hell     | Found a gateway to the Iron City of Dis.
115637 | Vaults:5 | Entered Level 5 of the Vaults
115639 | Vaults:5 | Reached skill level 10 in Staves
115827 | Vaults:5 | Noticed an ancient lich
116119 | Vaults:5 | Killed an ancient lich
116146 | Vaults:5 | Identified the amulet "Jeptifen" {Spirit Int+3}
116165 | Vaults:5 | Identified the +1 trident of Hepliaklqana's Whim {freeze,
                  | rElec Int+2 Stlth+}
116169 | Vaults:5 | Found the +6 arbalest "Damnation" {damnation}
116432 | Vaults:5 | Got the Folio of Inhalation
116569 | Vaults:5 | Identified the staff of poison "Lugon" {rPois rC+ Int+3}
116572 | Vaults:5 | Reached XP level 25. HP: 185/185 MP: 53/53
116882 | Vaults:5 | Noticed an ancient lich
116884 | Vaults:5 | Identified the +0 leather armour "Trusted Companion"
                  | {+Blink rF++ SInv Stlth-}
116885 | Vaults:5 | Killed an ancient lich
117418 | Vaults:5 | Reached skill level 15 in Air Magic
117418 | Vaults:5 | Reached XP level 26. HP: 192/192 MP: 53/53
117419 | Vaults:5 | Reached XP level 27. HP: 203/203 MP: 53/53
117454 | Vaults:4 | Learned a level 8 spell: Lehudib's Crystal Spear
117732 | Vaults:5 | Identified the +4 mace of Valour {speed, Int+4 Dex+2}
117810 | Vaults:5 | Identified the staff of cold "Ragayt" {+Blink rC+}
117836 | Vaults:5 | Found Qulead's Antique Armour Shop.
117848 | Vaults:5 | Bought a pair of ancient gloves for 256 gold pieces
117848 | Vaults:5 | Identified the -2 pair of gloves of the Arcane {Harm Fly
                  | rElec} (You bought it in a shop on level 5 of the Vaults)
117851 | Vaults:5 | Bought a warped buckler for 256 gold pieces
117851 | Vaults:5 | Identified the +0 buckler of a ziggurat {Str+3 Dex+5
                  | Slay+3} (You bought it in a shop on level 5 of the Vaults)
118008 | Vaults:5 | Got the Papyrus of Ozone and Lava
118462 | Vaults:5 | Identified the staff of air "Ismuile" {rElec rN+ rCorr
                  | Stlth+}
118470 | Vaults:5 | Got a silver rune of Zot
119034 | Pan      | Entered Pandemonium
119057 | Pan      | Noticed Ritis the pandemonium lord
121478 | Pan      | Reached skill level 5 in Necromancy
122764 | Pan      | Reached skill level 10 in Fighting
124384 | Pan      | Identified the +0 plate armour "Noinawett" {Drain rN++
                  | Int+2 Stlth+}
124384 | Pan      | Noticed a seraph
124389 | Pan      | Killed a seraph
124580 | Pan      | Identified the ring of Mifauf {Fly Slay+5 Stlth+}
124604 | Pan      | Identified the staff of earth "Loin Ixuso" {rN++}
124610 | Pan      | Got a demonic rune of Zot
124611 | Pan      | Identified the +2 mace "Zapriru" {freeze, rF+}
124696 | Pan      | Reached skill level 10 in Armour
124849 | Depths:1 | Escaped Pandemonium
125138 | Pan      | Entered the realm of Mnoleg.
125138 | Pan      | Entered Pandemonium
125442 | Pan      | Gained mutation: You occasionally lose the ability to read
                  | scrolls when taking damage. [a cacodemon]
125724 | Pan      | Gained mutation: Your flesh is cold resistant. (rC+) [a
                  | neqoxec]
126319 | Pan      | Gained mutation: You do not regenerate when monsters are
                  | visible. [a neqoxec]
126485 | Pan      | Lost mutation: Your muscles are strong. (Str +4, Int/Dex
                  | -1) [potion of mutation]
126485 | Pan      | Lost mutation: You do not regenerate when monsters are
                  | visible. [potion of mutation]
126485 | Pan      | Gained mutation: You are frail. (-10% HP) [potion of
                  | mutation]
126485 | Pan      | Gained mutation: Your mind is acute. (Int +4, Str/Dex -1)
                  | [potion of mutation]
126601 | Pan      | Noticed Mnoleg
126609 | Pan      | Killed Mnoleg
126610 | Pan      | Reached skill level 15 in Shields
126738 | Pan      | Got a glowing rune of Zot
126940 | Pan      | Identified the +0 pair of boots "Ymof" {Dex+3}
127826 | Pan      | Noticed Pepra the pandemonium lord
127831 | Pan      | Killed Pepra the pandemonium lord
128148 | Pan      | Found a runed translucent door.
128498 | Pan      | Noticed Uhustridi the pandemonium lord
128506 | Pan      | Killed Uhustridi the pandemonium lord
129138 | Pan      | Identified the +7 quarterstaff "Alant" {heavy, MP+9}
130073 | Pan      | Noticed Lihucrad the pandemonium lord
130077 | Pan      | Killed Lihucrad the pandemonium lord
131397 | Pan      | Entered the realm of Gloorx Vloq.
132672 | Pan      | Reached skill level 15 in Earth Magic
132948 | Pan      | Noticed Gloorx Vloq
132951 | Pan      | Killed Gloorx Vloq
133234 | Pan      | Got a dark rune of Zot
133874 | Pan      | Gained mutation: Armour fits poorly on your strangely
                  | shaped body. [a neqoxec]
133876 | Pan      | Lost mutation: You occasionally lose the ability to read
                  | scrolls when taking damage. [potion of mutation]
133876 | Pan      | Lost mutation: You are frail. (-10% HP) [potion of
                  | mutation]
133876 | Pan      | Lost mutation: Your flesh is cold resistant. (rC+) [potion
                  | of mutation]
133876 | Pan      | Gained mutation: Your spells are a little harder to cast,
                  | but a little more powerful. [potion of mutation]
133995 | Pan      | Noticed Mympopucw the pandemonium lord
133999 | Pan      | Killed Mympopucw the pandemonium lord
134269 | Depths:1 | Escaped Pandemonium
134349 | Coc:1    | Entered Level 1 of Cocytus
135314 | Coc:3    | Noticed a dread lich
135317 | Coc:3    | Killed a dread lich
135911 | Coc:3    | You are sucked into a shaft and drop 2 floors!
137541 | Coc:5    | Reached skill level 21 in Spellcasting
139070 | Coc:7    | Entered Level 7 of Cocytus
139222 | Coc:7    | Learned a level 9 spell: Shatter
139302 | Coc:7    | Reached skill level 22 in Spellcasting
140091 | Coc:7    | Paralysed by a wendigo for 1 turns
140427 | Coc:7    | Reached skill level 23 in Spellcasting
141413 | Coc:7    | Identified the +9 halberd "Gavo Ufi" {drain, rN+}
141414 | Coc:7    | Identified the +5 flail of Destiny {freeze, rF+}
141438 | Coc:7    | Paralysed by a wendigo for 1 turns
141719 | Coc:7    | Noticed Antaeus
141736 | Coc:7    | Killed Antaeus
141737 | Coc:7    | Reached skill level 24 in Spellcasting
142078 | Coc:7    | Identified the staff of earth "Mein" {rElec rC+}
142078 | Coc:7    | Found the +3 pair of gauntlets of War {Slay+5}
142106 | Coc:7    | Got an icy rune of Zot
143833 | Zot:2    | Found a transporter.
143835 | Zot:2    | Noticed an orb of fire
143843 | Zot:2    | Found a transporter.
145638 | Zot:3    | Noticed Parghit
145647 | Zot:3    | Killed Parghit
147331 | Zot:4    | Identified the +2 hat "Wegah" {Fly rC+ rN+}
148582 | D:11     | You paid a toll of 6 scrolls of fog to enter a treasure
                  | trove
148583 | Trove    | Entered a treasure trove
148602 | Trove    | Identified the ring "Neumpib" {rF+ rCorr}
148636 | Trove    | Got Sif Muna's Quarto of Destructive Immolation
148640 | Trove    | Got Sif Muna's Secrets of Geometry and the Morgue
148688 | Trove    | Learned a level 7 spell: Orb of Destruction
148996 | Zot:5    | Entered Level 5 of the Realm of Zot
149050 | Zot:5    | Reached skill level 10 in Dodging
149442 | Zot:5    | Learned a level 3 spell: Swiftness
149773 | Zot:5    | Reached skill level 15 in Armour
149851 | Zot:5    | Noticed a dread lich
149852 | Zot:5    | Killed an ancient lich
149853 | Zot:5    | Killed a dread lich
150027 | Zot:5    | Noticed an ancient lich
150028 | Zot:5    | Noticed a dread lich
150030 | Zot:5    | Killed an ancient lich
150031 | Zot:5    | Killed a dread lich
150032 | Zot:5    | Reached skill level 15 in Fighting
150044 | Zot:5    | Noticed an orb of fire
150169 | Zot:5    | Killed an orb of fire
150197 | Zot:5    | Noticed a dread lich
150199 | Zot:5    | Killed a dread lich
150205 | Zot:5    | Noticed a dread lich
150207 | Zot:5    | Killed a dread lich
150542 | Zot:5    | Noticed an ancient lich
150546 | Zot:5    | Killed an ancient lich
150559 | Zot:5    | Noticed an orb of fire
150560 | Zot:5    | Gained mutation: You do not regenerate when monsters are
                  | visible. [an orb of fire]
150562 | Zot:5    | Killed an orb of fire
150589 | Zot:5    | Noticed an orb of fire
150745 | Zot:5    | Killed an orb of fire
150996 | Depths:4 | Lost mutation: Your spells are a little harder to cast, but
                  | a little more powerful. [potion of mutation]
150996 | Depths:4 | Lost mutation: Armour fits poorly on your strangely shaped
                  | body. [potion of mutation]
150996 | Depths:4 | Lost mutation: You do not regenerate when monsters are
                  | visible. [potion of mutation]
150996 | Depths:4 | Gained mutation: You expend magic power (3 MP) to
                  | strengthen your wands. [potion of mutation]
150996 | Depths:4 | Gained mutation: Your mind is very acute. (Int +8, Str/Dex
                  | -2) [potion of mutation]
150996 | Depths:4 | Gained mutation: Your flesh is cold resistant. (rC+)
                  | [potion of mutation]
151071 | Zot:5    | Noticed a dread lich
151074 | Zot:5    | Killed a dread lich
151078 | Zot:5    | Noticed a dread lich
151081 | Zot:5    | Killed a dread lich
151084 | Zot:5    | Noticed an ancient lich
151086 | Zot:5    | Killed an ancient lich
151291 | Zot:5    | Noticed a dread lich
151294 | Zot:5    | Killed a dread lich
151455 | Zot:5    | Reached skill level 15 in Dodging
151634 | Zot:5    | Got the Orb of Zot
151975 | D:9      | Noticed Seanleukh the pandemonium lord
151976 | D:9      | Killed Seanleukh the pandemonium lord
152097 | D:$      | Escaped with the Orb!

Illustrated notes

Levels and vault maps discovered:
D:1:      dpeg_arrival_refuge, layout_basic, serial_bayou_pond_a,
          minmay_misc_feat_tiny, chequers_serial_rivers_micro_b
D:2:      minmay_door_path, layout_basic, basic_ecumenical_altar, uniq_robin
D:3:      layout_basic, mainiacjoe_overflow_six_doors_small, lemuel_round_altar,
          corexii_corridor_pit
D:4:      layout_basic, uniq_natasha
D:5:      layout_layer_cave, minmay_temple_entry_glass, serial_shops,
          nicolae_shop_hallway_plus, uniq_blork_the_orc
D:6:      old_forge, layout_rooms, grunt_temple_overflow_order_and_chaos_2,
          kennysheep_little_box
D:7:      layout_gridville, uniq_maggie
D:8:      layout_loops_ring, lemuel_tele_altar,
          lemuel_mausoleum_altar_yredelemnul, chequers_serial_rivers_room_b,
          minmay_crystal_room
D:9:      layout_cave_pools, minmay_orc_entry_guard_dogs, enter_bailey_5
D:10:     gammafunk_corrupted_shrine, layout_irregular_city,
          pdpol_wu_jian_five_deadly_venoms, erik_lair_orcish_takeover
D:11:     layout_cave_pods, enter_trove_0, uniq_sonja
D:12:     layout_irregular_city
D:13:     layout_basic, grunt_ministairs_12
D:14:     layout_loops_corners, david_vaults_1, kennysheep_path_1
D:15:     grunt_enter_depths_magical_seal, layout_loops_ring
Temple:   nicolae_temple_ecumenical_triangle
Lair:1:   layout_chaotic_city, nicolae_lair_lakeside_cave, uniq_urug
Lair:2:   layout_cave_pods, shoals_dummy_entry, guppyfry_snake_entry_garden
Lair:3:   layout_gridlike, uniq_snorg
Lair:4:   layout_small_grid, slime_entry_2, portal_ice_cave_rime, uniq_nessos
Lair:5:   hellmonk_lair_end_abyssal_woods, layout_gridlike,
          gauntlet_entry_generic, dreamdust_gnoll_shepherd
Shoals:1: layout_shoals
Shoals:2: layout_shoals, nicolae_shoals_bring_sunscreen
Shoals:3: nicolae_shoals_offshore_bank_account, layout_shoals,
          nicolae_shoals_square_sea_wall, wheals_shoals_ruined_temple, uniq_mara
Shoals:4: shoals_end_hangedman, layout_shoals, shoal_ilsuiw,
          nicolae_shoals_beach_house_on_fowls_legs, uniq_polyphemus
Snake:1:  layout_chambers, serial_shops, nicolae_lakefront_shop
Snake:2:  gammafunk_the_bubble [the_bubble_gammafunk_roulette],
          layout_misc_corridors, nicolae_snake_magic_snake_eye
Snake:3:  layout_misc_corridors, nicolae_triple_integral, minmay_shop_star
Snake:4:  hellmonk_snake_rune_quicksilver_temple, layout_misc_corridors,
          nicolae_snake_storage_room
Slime:1:  layout_caves
Slime:2:  layout_caves
Slime:3:  layout_caves, cheibrodos_slime_lost_civilization_5
Slime:4:  layout_caves
Slime:5
Orc:1:    layout_caves, uniq_josephine, uniq_nergalle, uniq_harold
Orc:2:    hellmonk_orc_salted, layout_diamond_mine, ebering_ghost_gozag,
          basic_altar, serial_shops, nicolae_shop_peninsula, nicolae_shop_trees,
          shop, shop_fountains, mines5_lemuel
Elf:1:    elf_arrival_001, layout_geoelf_octagon, evilmike_minifort,
          grunt_megastairs_4
Elf:2:    elven_hall_of_blades_hangedman_original [nicolae_blade_bullseye],
          layout_loops_cross, serial_shops, shop, nicolae_shop_real_fake_doors,
          shop
Elf:3:    elf_hall, layout_loops_corners, serial_sigils,
          serial_sigils_hangedman_quiver, serial_sigils_hangedman_scratch,
          serial_sigils_hangedman_snap, serial_sigils_hangedman_gnaw,
          serial_sigils_hangedman_shear, kilobyte_rumbling_trees
Vaults:1: hangedman_vaults_maws, nicolae_vaults_network_s,
          nicolae_vaults_closet_pinwheel_4, v_misc_16, dpeg_vaults_monster_row,
          v_misc_10, layout_vaults_omnigrid, uniq_nikola
Vaults:2: nicolae_vaults_little_squares_1, nicolae_vaults_closet_pinwheel_2,
          hangedman_vaults_slice, hangedman_vaults_stitches, v_misc_14,
          nicolae_vaults_an_arrangement, nicolae_vaults_shelves_hall,
          hangedman_vaults_cutoff, nicolae_vaults_border_crossing, v_pattern_5,
          vaults_dpeg_diagonal, layout_vaults_omnibox, uniq_xtahua
Vaults:3: nicolae_vaults_heist, ontoclasm_vaults_chip, grunt_vaults_focal,
          ontoclasm_vaults_twist, nicolae_vaults_know_your_exits,
          ontoclasm_vaults_claustrophobia, hangedman_vaults_snaps,
          nicolae_vaults_spaceships, vaults_mumra_chevron,
          vaults_standard_mumra_x, nicolae_vaults_offset_grid_hallway_3,
          hangedman_vaults_slice, layout_vaults_maze_bifur, uniq_margery
Vaults:4: portal_desolation_entry_holy_temple, nicolae_vaults_six-pack,
          v_rooms_6, nicolae_vaults_network_star, v_misc_22,
          vaults_room_semicircle, nicolae_vaults_closet_pinwheel_1,
          ontoclasm_vaults_loading_screen, nicolae_vaults_diamond_2,
          vaults_room_corners, v_alt_pattern_3, layout_vaults_big_room,
          uniq_sojobo
Vaults:5: serial_shops
Crypt:1:  cheibrodos_crypt_draghalla, layout_chaotic_city,
          corexii_leaking_fountain, library_closet,
          nicolae_crypt_twisting_catacombs, feat_on_display
Crypt:2:  layout_misc_corridors, st_stairs_6, door_vault
Crypt:3:  quadcrypt_mu, uniq_zenata
Depths:1: layout_gridlike, abyss_entry, pf_vacation_house_of_asmodeus,
          rand_demon_pan_entry_3, drop_trap, elyvilon_altar_5, uniq_bai_suzhen,
          uniq_asterion, uniq_enchantress
Depths:2: minmay_nested_s, layout_cave_shapes, enter_ziggurat_c,
          abyss_entry_glasseish, grunt_pan_entry_in_and_out,
          nicolae_elevator_lobby_plus, pf_coc_iceberg,
          dreamdust_looks_like_rain, infiniplex_staircase_zigzag_3
Depths:3: minmay_roctagon, layout_cave_shapes, small_statue_intersection,
          pan_entry, hell_entry, serial_shops, bzr_entry_islet,
          minmay_room_of_horrors, serial_bayou_shore_b
Depths:4: grunt_zot_entry_bicorn, layout_basic, grunt_hell_entry_dis_grunt
Hell
Coc:1:    layout_ice_bergs
Coc:2:    layout_cocytus_delve
Coc:3:    layout_ice_bergs, special_room [special_room_morgue]
Coc:4:    layout_cocytus_water_paths
Coc:5:    layout_cocytus_water_paths
Coc:6:    layout_cocytus_delve
Coc:7:    coc_hangedman
Zot:1:    layout_cellular_growth, grunt_ministairs_4, grunt_megastairs_2
Zot:2:    gammafunk_sealed_arena, layout_gridlike, grunt_megastairs_1
Zot:3:    layout_onion_interference, uniq_parghit
Zot:4:    layout_cathedral_of_symmetry, hangedman_zot_decor_tridents,
          lemuel_flame_loot_1, grunt_megastairs_5
Zot:5:    layout_cathedral_of_symmetry, st_stairs_2, bh_zot_ikea_curve

Skill      XL: |  1  2  3  4  5  6  7  8  9 10 11 12 13 14 15 16 17 18 19 20 21 22 23 24 25 26 27 |
---------------+----------------------------------------------------------------------------------+-----
Conjurations   | 4 7 8 9 10 12 15 17 20 21 22 23 | 23.0
Spellcasting   | 2 6 7 8 9 10 11 14 15 16 17 19 20 24 | 24.5
Air Magic      | 5 6 8 9 10 13 15 17 | 17.3
Dodging        | 3 6 15 | 15.0
Fighting       | 2 5 6 7 8 15 | 15.0
Shields        | 2 5 6 9 10 11 15 | 15.0
Stealth        | 4 6 |  6.0
Evocations     | 2 4 5 6 7 8 |  8.0
Staves         | 2 4 5 6 7 10 | 10.0
Earth Magic    | 2 7 8 9 10 17 | 17.9
Armour         | 3 4 6 7 15 | 15.0
Fire Magic     | 3 6 13 18 19 20 | 20.9
Necromancy     | 3 5 |  5.5

Action                     |  1- 3 |  4- 6 |  7- 9 | 10-12 | 13-15 | 16-18 | 19-21 | 22-24 | 25-27 || total
---------------------------+-------+-------+-------+-------+-------+-------+-------+-------+-------++-------
  Melee: Flail             |    11 |     5 |       |       |       |       |       |       |       ||    16
         Dagger            |       |    23 |       |       |       |       |       |       |       ||    23
         Staff             |       |     4 |       |    13 |   155 |   117 |   279 |   387 |   317 ||  1272
         Punch             |       |     1 |     2 |       |       |       |       |       |       ||     3
         War axe           |       |       |    78 |     9 |       |       |       |       |       ||    87
         Demon blade       |       |       |       |       |       |       |    25 |       |       ||    25
         Spear             |       |       |       |       |       |       |       |    28 |     2 ||    30
   Cast: Magic Dart        |    78 |    76 |    34 |    18 |   226 |    70 |     7 |     1 |       ||   510
         Searing Ray       |     2 |    28 |    65 |    70 |    32 |     1 |       |     2 |       ||   200
         Mephitic Cloud    |       |     4 |    17 |     4 |     3 |       |     1 |       |       ||    29
         Fulminant Prism   |       |       |     3 |     4 |       |       |       |       |       ||     7
         Freezing Cloud    |       |       |     4 |   168 |   206 |   285 |   231 |    68 |     2 ||   964
         Leda's Unmaking   |       |       |       |       |   191 |   345 |   555 |   554 |   281 ||  1926
         Iskenderun's Batt |       |       |       |       |    51 |    15 |     3 |       |       ||    69
         Blink             |       |       |       |       |     1 |       |     4 |     7 |     1 ||    13
         Plasma Beam       |       |       |       |       |       |       |    45 |    15 |     3 ||    63
         Sublimation of Bl |       |       |       |       |       |       |    10 |    41 |   130 ||   181
         Fire Storm        |       |       |       |       |       |       |       |   182 |   456 ||   638
         Spellforged Servi |       |       |       |       |       |       |       |    21 |   205 ||   226
         Ignition          |       |       |       |       |       |       |       |     3 |    13 ||    16
         Chain Lightning   |       |       |       |       |       |       |       |       |     7 ||     7
         Lehudib's Crystal |       |       |       |       |       |       |       |       |    78 ||    78
         Shatter           |       |       |       |       |       |       |       |       |     3 ||     3
  Evoke: Wand              |       |       |     2 |     6 |       |     5 |     4 |       |     7 ||    24
         Lightning rod     |       |       |       |       |       |     3 |     8 |     5 |     1 ||    17
         Phantom mirror    |       |       |       |       |       |       |     1 |       |     1 ||     2
         Horn of Geryon    |       |       |       |       |       |       |       |       |     1 ||     1
    Use: Scroll            |       |     9 |     4 |    10 |     8 |     4 |    12 |    20 |    13 ||    80
         Potion            |       |     1 |       |     2 |     3 |     2 |     2 |    24 |    10 ||    44
   Stab: Sleeping          |     2 |       |       |       |     1 |       |     1 |     2 |       ||     6
         Confused          |       |     1 |     3 |       |       |       |       |       |       ||     4
         Distracted        |       |       |       |       |     1 |       |       |     1 |     8 ||    10
 Armour: Robe              |     2 |    11 |    22 |     2 |    19 |       |       |       |       ||    56
         Steam dragon scal |       |       |    59 |     9 |       |       |       |       |       ||    68
         Leather armour    |       |       |       |       |    53 |    83 |   120 |       |       ||   256
         Quicksilver drago |       |       |       |       |       |       |    91 |   289 |   202 ||   582
  Dodge: Dodged            |    14 |    28 |   142 |    37 |    98 |    92 |   223 |   279 |   190 ||  1103
  Block: Other             |       |       |    36 |     3 |       |       |       |     2 |       ||    41
         Reflection        |       |       |     1 |     5 |    40 |    87 |    32 |    34 |     4 ||   203
         Buckler           |       |       |       |    28 |    18 |       |       |       |       ||    46
         Kite shield       |       |       |       |       |   229 |   225 |   447 |   660 |   304 ||  1865

Table legend: (Time is in decaauts)
 A = Elapsed time spent in this place.
 B = Non-inter-level travel time spent in this place.
 C = Inter-level travel time spent in this place.
 D = Time resting spent in this place.
 E = Time spent auto-exploring this place.
 F = Levels seen in this place.
 G = Mean time per level.
                   A        B        C        D        E       F      G
               +--------+--------+--------+--------+--------+-----+--------+
         Total | 152400 | 140013 |  12387 |  30785 |  83248 |  77 | 1979.2 |
       Dungeon |  25154 |  21245 |   3909 |   1549 |  17196 |  15 | 1676.9 |
        Temple |      4 |      3 |      1 |      0 |      0 |   1 |    4.0 |
          Lair |  11490 |  10105 |   1385 |   1229 |   7208 |   5 | 2298.0 |
        Shoals |   8818 |   8485 |    333 |   1197 |   6216 |   4 | 2204.5 |
     Snake Pit |  10407 |   9786 |    621 |   1523 |   6909 |   4 | 2601.8 |
    Slime Pits |   6822 |   6368 |    454 |   2792 |   2371 |   5 | 1364.4 |
  Orcish Mines |   4114 |   3409 |    705 |    133 |   2635 |   2 | 2057.0 |
   Elven Halls |  10175 |   9505 |    670 |   1732 |   6312 |   3 | 3391.7 |
        Vaults |  14468 |  13738 |    730 |   1856 |   9547 |   5 | 2893.6 |
         Crypt |   7107 |   6762 |    345 |   1310 |   3839 |   3 | 2369.0 |
        Depths |  17401 |  15815 |   1586 |   5102 |   8322 |   4 | 4350.2 |
          Hell |   3101 |   3040 |     61 |   1888 |    880 |   1 | 3101.0 |
       Cocytus |   5992 |   5274 |    718 |   1127 |   2937 |   7 |  856.0 |
           Zot |   9188 |   8325 |    863 |   2902 |   3687 |   5 | 1837.6 |
   Pandemonium |  14872 |  14872 |      0 |   5048 |   4026 |   9 | 1652.4 |
         Trove |    112 |    112 |      0 |      0 |     80 |   1 |  112.0 |
        Bailey |   1768 |   1768 |      0 |    662 |    743 |   1 | 1768.0 |
    Desolation |    241 |    241 |      0 |    133 |      0 |   1 |  241.0 |
      Gauntlet |   1157 |   1157 |      0 |    600 |    339 |   1 | 1157.0 |
               +--------+--------+--------+--------+--------+-----+--------+

Top non-repeatable levels by time:
Depths:2: 7207 daAuts
Depths:1: 4891 daAuts
Vaults:2: 3984 daAuts
   Elf:1: 3514 daAuts
   Elf:3: 3377 daAuts
Vaults:4: 3321 daAuts
   Elf:2: 3282 daAuts
   Orc:2: 3211 daAuts
    Hell: 3101 daAuts
    D:15: 3083 daAuts
   Zot:4: 3035 daAuts
  Lair:5: 2991 daAuts
Shoals:4: 2907 daAuts
 Snake:2: 2844 daAuts
 Snake:1: 2813 daAuts
